 Seeded DCSS version 0.29.1-1-gd02db6906a (webtiles) character file.

Game seed: 4030536004999934454 (custom seed)

29 CInkIbrahim the Slasher (level 3, 27/27 HPs)
             Began as a Vampire Gladiator on Oct 16, 2022.
             Quit the game on level 1 of the Dungeon.
             The game lasted 00:00:21 (322 turns).

CInkIbrahim the Slasher (Vampire Gladiator)          Turns: 322, Time: 00:00:21

Health: 27/27      AC:  4    Str: 13    XL:     3   Next: 1%
Magic:  3/3        EV: 13    Int: 10    God:
Gold:   5          SH:  0    Dex: 17    Spells: 2/2 levels left

rFire   . . .      SeeInvis +   a - +0 long sword
rCold   . . .      Faith    .   (no shield)
rNeg    . . .      Spirit   .   b - +0 leather armour
rPois   .          Reflect  .   c - +0 helmet
rElec   .          Harm     .   (no cloak)
rCorr   .          Rampage  .   (no gloves)
Will    .....                   (no boots)
Stlth   +.........              (no amulet)
HPRegen 0.29/turn               (no ring)
MPRegen 0.08/turn               (no ring)

@: healing quickly
A: alive, fangs 3, see invisible, vampiric 2
a: Exsanguinate


You were on level 1 of the Dungeon.
You visited 1 branch of the dungeon, and saw 1 of its levels.

You collected 5 gold pieces.

Inventory:

Hand Weapons
 a - a +0 long sword (weapon)
Missiles
 d - 3 throwing nets (quivered)
 e - a javelin
Armour
 b - a +0 leather armour (worn)
 c - a +0 helmet (worn)
Scrolls
 i - a scroll of teleportation {unknown}
 j - a scroll of acquirement
Potions
 f - a potion of haste {unknown}
 g - a potion of degeneration {unknown}
 h - a potion of brilliance {unknown}


   Skills:
 - Level 1.7 Fighting
 + Level 4.2 Long Blades
 - Level 1.5 Throwing
 - Level 3.2 Dodging


You had 2 spell levels left.
You didn't know any spells.
Your spell library was empty.

Dungeon Overview and Level Annotations

Branches:
Dungeon (1/15)

Altars:


Innate Abilities, Weirdness & Mutations

Your natural rate of healing is accelerated.
You have razor-sharp teeth.
You have supernaturally acute eyesight. (SInv)
You are afflicted with vampirism and can become a bat while bloodless.


Message History

The bat barely misses you.
A bat is nearby!
You hit the bat.
You kill the bat!
A frilled lizard comes into view.
A frilled lizard is nearby!
You hit the frilled lizard.
You kill the frilled lizard!
A rat comes into view.
A rat is nearby!
A rat is nearby!
The rat closely misses you.
A rat is nearby!
You hit the rat.
You kill the rat!
A giant cockroach comes into view.
A giant cockroach is nearby!
A giant cockroach is nearby!
You barely miss the giant cockroach. You bite the giant cockroach.
The giant cockroach is moderately wounded.
The giant cockroach barely misses you.
A giant cockroach is nearby!
You hit the giant cockroach but do no damage.
The giant cockroach is moderately wounded.
The giant cockroach bites you.
A giant cockroach is nearby!
You hit the giant cockroach.
You kill the giant cockroach!
You have reached level 3!
Your experience leads to an increase in your attributes!
Increase (S)trength, (I)ntelligence, or (D)exterity?
You feel agile. x2
You can now turn into a vampire bat when bloodless.
j - 2 scrolls labelled IRI QITRIX RIW No target in view!
Number of times to repeat, then command key: 14 This is a scroll of acquirement!
Something appears at your feet!
Unknown command.
Are you sure you want to abandon this character and quit the game? (Confirm with "yes".)

....##...
##.#.##†.#.#####
⌠..###...
..........^....#
..##
......#..#######
>##
....#...........#
##
######.#..########
##.#.#..#
#.......#
##.#####.#.#.##
.......@......#
##.#.......#..#
#.###.###..# # #.#
#..# #.# #..# #.#
#..# #.# #..# #.#
#..#


There were no monsters in sight!

Vanquished Creatures
  3 dart slugs (D:1)
  A ball python (D:1)
  An endoplasm (D:1)
  A giant cockroach (D:1)
  A hobgoblin (D:1)
  5 jackals (D:1)
  2 quokkas (D:1)
  2 bats (D:1)
  2 frilled lizards (D:1)
  A goblin (D:1)
  2 rats (D:1)
21 creatures vanquished.

Notes
Turn   | Place    | Note
-------+----------+-------------------------------------------
     0 | D:1      | CInkIbrahim the Vampire Gladiator began the quest for the
                  | Orb.
     0 | D:1      | Reached XP level 1. HP: 16/16 MP: 1/1
   107 | D:1      | Reached XP level 2. HP: 18/22 MP: 2/2
   149 | D:1      | Reached skill level 4 in Long Blades
   294 | D:1      | Gained mutation: You are afflicted with vampirism and can
                  | become a bat while bloodless. [Vampire growth]
   294 | D:1      | Reached XP level 3. HP: 26/27 MP: 3/3
   321 | D:1      | Identified 2 scrolls of acquirement
   321 | D:1      | Acquired 620 gold pieces
   322 | D:1      | Quit the game

Illustrated notes

Levels and vault maps discovered:
D:1:      dpeg_arrival_leaves_temple_mockup, layout_basic, interstate_on_off

Skill      XL: |  1  2 |
---------------+-------+-----
Long Blades    | 4 |  4.2
Fighting       | |  1.7
Throwing       | |  1.5
Dodging        | |  3.2

Action                   || total
-------------------------++-------
Melee: Long sword        ||    37
       Punch             ||     1
       Bite              ||     2
  Use: Scroll            ||     1
Armor: Leather armour    ||    14
Dodge: Dodged            ||    31
